 Dungeon Crawl Stone Soup version 0.23.2-40-g277498a001 (webtiles) character file.

Game seed: 5393657578745373469

154 Marnok the Skirmisher (level 5, 0/47 HPs)
             Began as a Hill Orc Fighter on Oct 4, 2019.
             Succumbed to a worker ant's poison
             ... on level 4 of the Dungeon.
             The game lasted 00:07:03 (2460 turns).

Marnok the Skirmisher (Hill Orc Fighter)            Turns: 2460, Time: 00:07:04

Health: 0/47       AC:  7    Str: 23 (25) XL:     5   Next: 36%
Magic:  5/5        EV:  8    Int: 12 (13) God:
Gold:   153        SH:  9    Dex:  8 (10) Spells: 4/4 levels left

rFire    . . .     SeeInvis .   a - +0 long sword
rCold    . . .     Gourm    .   c - +0 shield
rNeg     . . .     Faith    .   b - +0 scale mail
rPois    .         Spirit   .   (no helmet)
rElec    .         Reflect  .   (no cloak)
rCorr    .         Harm     .   (no gloves)
MR       .....     Clarity  +   (no boots) Stlth +.........Rnd*Tele +
                                (no amulet)
HPRegen  0.15/turn              g - ring of stealth
MPRegen  0.09/turn              (no ring)

@: mighty, brilliant, lethally poisoned (0 -> -17), flying
A: clarity, teleportitis 1
a: no special abilities


You were on level 4 of the Dungeon.
You were not hungry.

You visited 1 branch of the dungeon, and saw 4 of its levels.

You collected 153 gold pieces.

Inventory:

Hand Weapons
 a - a +0 long sword (weapon)
 h - a +1 dagger of draining
Armour
 b - a +0 scale mail (worn)
 c - a +0 shield (worn)
Jewellery
 g - a ring of stealth (left hand)
Wands
 p - a wand of polymorph (5)
Scrolls
 e - 3 scrolls of amnesia
 i - a scroll of noise
 j - 2 scrolls of identify
Potions
 d - 3 potions of might
 l - a potion of brilliance
 n - a potion of degeneration
Comestibles
 f - 4 rations


   Skills:
 + Level 4.5 Fighting
 + Level 3.5 Long Blades
 + Level 3.9 Armour
 + Level 0.5 Dodging
 + Level 0.1 Stealth
 + Level 4.5 Shields


You had 4 spell levels left.
You didn't know any spells.
Your spell library was empty.

Dungeon Overview and Level Annotations

Branches:
Dungeon (4/15)
 Temple: D:4-7

Altars:
Cheibriados
Zin


Innate Abilities, Weirdness & Mutations

You possess an exceptional clarity of mind.
You are occasionally teleported next to monsters.


Message History

You hear a loud clanging noise!
It was a scroll of noise.
* * * LOW HITPOINT WARNING * * *
You feel sick.
You hear a shout! x5
The worker ant bites you.
* * * LOW HITPOINT WARNING * * *
You are more poisoned.
The worker ant poisons you! You block the hound skeleton's attack.
The worker ant bites you but does no damage.
As you read the scroll labeled VUGAZA QACKOT, it crumbles to dust.
You feel blessed for a moment.
It was a scroll of remove curse.
* * * LOW HITPOINT WARNING * * *
You feel sick. You block the worker ant's attack.
The hound skeleton bites you but does no damage.
The worker ant barely misses you.
You riposte.
You barely miss the worker ant.
The worker ant is heavily wounded.
The worker ant bites you but does no damage.
You feel very mighty all of a sudden.
You die...

### #.## ### .
##.####.#
...####......##
.....<..#####.###
#......## ##.?##
......##
##.a####..)
......#
##@a......
......# ##Z......
....... .......
....... .......
....... ...#...
....#.. .......
###..>


You could see 2 worker ants and a hound skeleton.

Vanquished Creatures
  A howler monkey (D:3)
  A worker ant (D:3)
  3 adders
  An ooze (D:1)
  A leopard gecko (D:1)
  5 giant cockroaches
  6 hobgoblins
  13 kobolds
  2 quokkas
  9 bats
  6 frilled lizards
  8 goblins
  9 rats
65 creatures vanquished.

Notes
Turn   | Place    | Note
-------+----------+-------------------------------------------
     0 | D:1      | Marnok the Hill Orc Fighter began the quest for the Orb.
     0 | D:1      | Reached XP level 1. HP: 19/19 MP: 1/1
     1 | D:1      | You fall through a shaft!
   121 | D:1      | Reached XP level 2. HP: 27/27 MP: 2/2
   545 | D:1      | Reached XP level 3. HP: 33/33 MP: 3/3
  1190 | D:2      | Reached XP level 4. HP: 34/41 MP: 4/4
  1364 | D:2      | Found a snail-covered altar of Cheibriados.
  1751 | D:3      | Found a glowing silver altar of Zin.
  1752 | D:3      | Noticed an angel
  1804 | D:3      | Reached XP level 5. HP: 44/47 MP: 5/5
  2455 | D:4      | Gained mutation: You are occasionally teleported next to
                  | monsters. [potion of mutation]
  2455 | D:4      | Gained mutation: You possess an exceptional clarity of
                  | mind. [potion of mutation]
  2459 | D:4      | HP: 2/47 [poisoned by a worker ant]
  2460 | D:4      | Succumbed to a worker ant's poison

Skill      XL: |  1  2  3  4 |
---------------+-------------+-----
Shields        | 4 |  4.5
Fighting       | 4 |  4.5
Long Blades    | 3 |  3.5
Armour         | |  3.9
Dodging        | |  0.5
Stealth        | |  0.1

Action                   |  1- 3 |  4- 6 || total
-------------------------+-------+-------++-------
Melee: Long sword        |   134 |    87 ||   221
  Use: Potion            |       |     6 ||     6
       Scroll            |       |     3 ||     3
  Eat: Chunk             |     1 |     1 ||     2
       Ration            |       |     1 ||     1
Armor: Scale mail        |    71 |    66 ||   137
Dodge: Dodged            |    66 |    35 ||   101
Block: Shield            |    82 |    62 ||   144
       Rpst.: Long sword |    22 |    13 ||    35
